 Dungeon Crawl Stone Soup version 0.22-a0-274-gf8199ec (webtiles) character file.

154 Amnesiac the Magician (level 5, -3/38 HPs)
             Began as a Mummy Wizard on Mar 13, 2018.
             Slain by Sigmund
             ... wielding a +0 scythe
              (13 damage)
             ... on level 3 of the Dungeon.
             The game lasted 00:06:31 (3840 turns).

Amnesiac the Magician (Mummy Wizard)                Turns: 3840, Time: 00:06:31

Health: -3/38      AC:  4    Str: 10    XL:     5   Next: 13%
Magic:  0/11       EV: 13    Int: 18    God:
Gold:   207        SH:  0    Dex: 11    Spells: 1/12 levels left

rFire    x . .     SeeInvis .   f - +0 halberd
rCold    + . .     Gourm    .   (shield currently unavailable)
rNeg     + + +     Faith    .   a - +0 robe
rPois    ∞         Spirit   .   k - +2 hat
rElec    .         Reflect  .   (no cloak)
rCorr    .         Harm     .   (no gloves)
MR       .....                  (no boots)
Stlth    ++........             (no amulet)
HPRegen  0.12/turn              (no ring)
MPRegen  0.12/turn              (no ring)

@: very slightly contaminated
A: no food or potions, fire vulnerability, cold resistance 1, negative energy
resistance 3, torment resistance, unbreathing
a: no special abilities


You were on level 3 of the Dungeon.
You were not hungry.

You visited 1 branch of the dungeon, and saw 3 of its levels.
You also visited: Sewer.

You collected 207 gold pieces.

Inventory:

Hand Weapons
 e - a +0 dagger
 f - a +0 halberd (weapon)
Armour
 a - a +0 robe (worn)
 k - a +2 hat (worn)
Scrolls
 c - a scroll of amnesia {!r}
 d - 2 scrolls of teleportation {!r, unknown}
 g - a scroll of blinking {!r, unknown}
 h - 2 scrolls of identify {!r, unknown}
 i - 2 scrolls of fear {!r, unknown}
 j - a scroll of random uselessness {!r, unknown}


   Skills:
 + Level 2.1 Fighting
 * Level 3.3 Dodging
 - Level 1.5 Stealth
 - Level 4.0 Spellcasting
 + Level 2.0 Conjurations
 - Level 0.7 Summonings
 - Level 0.7 Translocations


You had one spell level left.
You knew the following spells:

 Your Spells              Type           Power        Failure   Level  Hunger
a - Magic Dart            Conj           ##..         6%          1    N/A
b - Call Imp              Summ           #.......     17%         2    N/A
e - Mephitic Cloud        Conj/Pois/Air  #.......     32%         3    N/A
s - Conjure Flame         Conj/Fire      #.......     28%         3    N/A
v - Blink                 Tloc           N/A          17%         2    N/A

Dungeon Overview and Level Annotations

Branches:
Dungeon (3/15)

Altars:
Qazlal
Ru
Vehumet

Annotations:
D:3 Sigmund


Innate Abilities, Weirdness & Mutations

You do not eat or drink.
Your flesh is vulnerable to fire.
You are immune to poison.
Your flesh is cold resistant. (rC+)
You are immune to negative energy. (rN+++)
You are immune to unholy pain and torment.
You can survive without breathing.


Message History

The orc is heavily wounded.
The orc hits you with a dagger.
* * * LOW HITPOINT WARNING * * *
You are too injured to fight recklessly!
You are too injured to fight recklessly!
You are too injured to fight recklessly!
You are too injured to fight recklessly!
Casting: Mephitic Cloud (safe; 32% risk of failure)
Confirm with . or Enter, or press ? or * to list all spells.
Aiming: Mephitic Cloud (safe; 32% risk of failure)
Press: ? - help, Shift-Dir - straight line, f - orc
Aim: an orc, wielding a dagger and wearing a scale mail (heavily wounded)
You miscast Mephitic Cloud.
You are very lightly contaminated with residual magic.
Nothing appears to happen.
The orc barely misses you.
Casting: Mephitic Cloud (safe; 32% risk of failure)
Confirm with . or Enter, or press ? or * to list all spells.
Aiming: Mephitic Cloud (safe; 32% risk of failure)
Press: ? - help, Shift-Dir - straight line, f/p - orc
Aim: an orc, wielding a dagger and wearing a scale mail (heavily wounded)
The ball explodes into a vile cloud!
The stinking cloud engulfs the orc.
The orc is heavily wounded.
The stinking cloud engulfs you!
The orc is engulfed in noxious fumes.
The orc appears confused.
You are too injured to fight recklessly!
You are too injured to fight recklessly!
You are too injured to fight recklessly!
You are too injured to fight recklessly!
Attack whom?
Press: ? - help, Dir - move target cursor, f/p - orc
Aim: an orc, wielding a dagger and wearing a scale mail (noxious fumes, heavily wounded, confused)
You reach to attack!
You hit the orc.
You kill the orc!
Attack whom?
Press: ? - help, Dir - move target cursor, f - you
Okay, then.
You start resting.
Sigmund the Dreaded comes into view.
He is wielding a scythe.
Casting: Mephitic Cloud (safe; 32% risk of failure)
Confirm with . or Enter, or press ? or * to list all spells.
Aiming: Mephitic Cloud (safe; 32% risk of failure)
Press: ? - help, Shift-Dir - straight line, f - Sigmund
Aim: Sigmund, wielding a scythe and wearing a robe You miscast Mephitic Cloud.
Your vision is briefly tinged with green.
Sigmund gestures at you while chanting. You resist with some effort.
Casting: Mephitic Cloud (safe; 32% risk of failure)
Confirm with . or Enter, or press ? or * to list all spells.
You don't have enough magic to cast that spell.
Really read
d - 2 scrolls labeled ELEDOSKAWNEL {!r}?
Okay, then.
Casting: Mephitic Cloud (safe; 32% risk of failure)
Confirm with . or Enter, or press ? or * to list all spells.
Aiming: Mephitic Cloud (safe; 32% risk of failure)
Press: ? - help, Shift-Dir - straight line, f/p - Sigmund
Aim: Sigmund, wielding a scythe and wearing a robe You miscast Mephitic Cloud.
Your bandages flutter.
Really read
c - 2 scrolls labeled DIT NUSTIUQUW {!r}?
As you read the scroll labeled DIT NUSTIUQUW {!r}, it crumbles to dust.
It is a scroll of amnesia.
Okay, then.
Sigmund hits you from afar with a scythe!
You die...

##.## #...# #≈≈≈# #≈≈≈#
#≈≈≈# #≈≈≈# .. #≈.≈# ..
#≈≈≈# ##### .# #≈≈≈#
#).@# .# #≈≈≈# #...# .# #
#≈≈≈####..@## .####%.
#.#...#.....).##.......
#............[)........
#.............[........
#.....................#
#########.............#.#
#.†..............#....# #


You could see Sigmund.

Vanquished Creatures
  5 oozes
  5 worms (Sewer)
  A dart slug (D:1)
  5 leopard geckos
  3 orcs (D:3)
  6 giant cockroaches
  3 goblins
  5 hobgoblins
  9 jackals
  A quokka (D:2)
  8 bats
  2 frilled lizards (D:1)
  4 kobolds
  5 rats
62 creatures vanquished.

Vanquished Creatures (collateral kills)
  2 adders (D:2)
  4 gnolls (D:3)
  A leopard gecko (Sewer)
  2 giant cockroaches (Sewer)
  A goblin (D:1)
  2 hobgoblins
  4 jackals
  A kobold (D:1)
  2 bats (Sewer)
19 creatures vanquished.

Grand Total: 81 creatures vanquished

Notes
Turn   | Place    | Note
-------+----------+-------------------------------------------
     0 | D:1      | Amnesiac the Mummy Wizard began the quest for the Orb.
     0 | D:1      | Reached XP level 1. HP: 13/13 MP: 5/5
   214 | D:1      | Reached skill level 1 in Conjurations
   270 | D:1      | Reached XP level 2. HP: 20/20 MP: 1/7
   534 | D:1      | Learned a level 2 spell: Call Imp
   773 | D:1      | Reached skill level 1 in Fighting
  1269 | D:2      | Found a sacrificial altar of Ru.
  1279 | D:2      | Reached XP level 3. HP: 26/26 MP: 4/8
  1356 | D:1      | Learned a level 3 spell: Mephitic Cloud
  1360 | D:1      | Learned a level 3 spell: Conjure Flame
  1408 | D:2      | HP: 1/26 [adder (2)]
  1769 | D:2      | Found a radiant altar of Vehumet.
  2663 | D:3      | Reached XP level 4. HP: 32/32 MP: 3/10
  2713 | D:3      | Found a stormy altar of Qazlal.
  2760 | D:3      | Found a glowing drain.
  2879 | Sewer    | Entered a sewer
  3347 | Sewer    | Learned a level 2 spell: Blink
  3575 | Sewer    | Reached XP level 5. HP: 29/38 MP: 9/11
  3837 | D:3      | Noticed Sigmund
  3840 | D:3      | Slain by Sigmund

Vault maps used:
D:1:      minmay_arrival_solitary_statue
D:2:      vehumet_crystals, lemuel_round_altar
D:3:      nicolae_overflow_crystal_walls, portal_sewer_entry_f,
          nicolae_qazlal_style_of_elements, uniq_sigmund
Sewer:    sewer_fruit_machine

Skill      XL: |  1  2  3  4 |
---------------+-------------+-----
Conjurations   | 1 2 |  2.0
Dodging        | 2 3 |  3.3
Fighting       | 1 2 |  2.1
Stealth        | |  1.5
Spellcasting   | |  4.0
Summonings     | |  0.7
Translocations | |  0.7

Action                   |  1- 3 |  4- 6 || total
-------------------------+-------+-------++-------
Melee: Unarmed           |    20 |       ||    20
       Halberd           |       |   133 ||   133
       Dagger            |       |     6 ||     6
 Cast: Magic Dart        |    88 |    18 ||   106
       Call Imp          |    12 |     5 ||    17
       Mephitic Cloud    |       |     5 ||     5
       Conjure Flame     |       |     2 ||     2
       Blink             |       |     2 ||     2
  Use: Scroll            |       |     1 ||     1
 Stab: Confused          |       |     2 ||     2
Armor: Robe              |    23 |    63 ||    86
Dodge: Dodged            |    58 |   177 ||   235

Table legend:
 A = Spawn XP
 B = Non-spawn XP
 C = Spawn XP percentage of total XP
 D = Spawn monster count
 E = Non-spawn monster count
 F = Spawn count percentage of total count
 G = Total turns spent on level
                    A         B        C        D         E        F      G
               +---------+---------+-------+---------+---------+-------+---------
         Total |       0 |     221 |   0.0 |       0 |      81 |   0.0 |  3840
               +---------+---------+-------+---------+---------+-------+---------
           D:1 |       0 |      39 |   0.0 |       0 |      23 |   0.0 |  1347
           D:2 |       0 |      42 |   0.0 |       0 |      14 |   0.0 |  1300
           D:3 |       0 |      62 |   0.0 |       0 |      18 |   0.0 |   380
         Sewer |       0 |      78 |   0.0 |       0 |      26 |   0.0 |   813
               +---------+---------+-------+---------+---------+-------+---------
